 Dungeon Crawl Stone Soup version 0.21-a0-265-gb353147 (webtiles) character file.

198 nikopol the Poker (level 5, -1/70 HPs)
             Began as a Minotaur Berserker on Sept 10, 2017.
             Was a Priest of Trog.
             Killed from afar by Ijyb (19 damage)
             ... with a wand of acid (?/15)
             ... on level 3 of the Dungeon.
             The game lasted 00:04:34 (2154 turns).

nikopol the Poker (Minotaur Berserker)              Turns: 2154, Time: 00:04:35

Health: -1/70      AC:  2    Str: 27    XL:     5   Next: 47%
Magic:  4/4        EV: 12    Int:  4    God:    Trog [***...]
Gold:   61         SH:  0    Dex: 10    Spells: 4/4 levels left

rFire    . . .     SeeInvis .   a - +0 spear
rCold    . . .     Gourm    .   (no shield)
rNeg     . . .     Faith    .   n - +0 ring mail
rPois    .         Spirit   .   (helmet restricted)
rElec    .         Reflect  .   (no cloak)
rCorr    .         Harm     .   i - +0 pair of gloves
MR       .....                  (no boots)
Stlth    ..........             (no amulet)
HPRegen  0.21/turn              (no ring)
MPRegen  0.09/turn              (no ring)

@: berserking, corroded, very quick
A: retaliatory headbutt, horns 2
a: Berserk, Trog's Hand, Burn Spellbooks, Renounce Religion


You were on level 3 of the Dungeon.
You worshipped Trog.
Trog was most pleased with you.
You were very hungry.

You visited 1 branch of the dungeon, and saw 3 of its levels.

You collected 61 gold pieces.

Inventory:

Hand Weapons
 a - a +0 spear (weapon)
Armour
 b - a +0 animal skin
 i - a +0 pair of gloves (worn)
 l - a cursed +0 ring mail
 n - a +0 ring mail (worn)
Jewellery
 r - an uncursed amulet of rage {unknown}
Scrolls
 d - a scroll of random uselessness {unknown}
 e - 2 scrolls of blinking {unknown}
 f - a scroll of fear {unknown}
 g - a scroll of magic mapping {unknown}
 h - a scroll of enchant armour {unknown}
 j - a scroll of immolation {unknown}
 k - 2 scrolls of remove curse {unknown}
Potions
 m - a potion of curing {unknown}
 p - a potion of flight {unknown}
 q - a potion of invisibility {unknown}
 s - a potion of lignification {unknown}
Comestibles
 c - 2 bread rations
 o - a royal jelly


   Skills:
 + Level 4.7 Fighting
 + Level 5.9 Polearms
 + Level 3.2 Armour
 + Level 2.9 Dodging
 + Level 0.8 Stealth


You had 4 spell levels left.
You didn't know any spells.

Dungeon Overview and Level Annotations

Branches:
Dungeon (3/15)

Altars:
Gozag
Uskayaw

Shops:
D:3 *

Annotations:
D:3 Ijyb


Innate Abilities, Weirdness & Mutations

You reflexively headbutt those who attack you in melee.
You have a pair of horns on your head.


Message History

You hit Ijyb.
Ijyb is lightly wounded.
You hit Ijyb.
Ijyb is moderately wounded.
Ijyb hits you.
* * * LOW HITPOINT WARNING * * *
The goblin hits you.
* * * LOW HITPOINT WARNING * * *
You hit Ijyb but do no damage.
Ijyb is moderately wounded.
Ijyb closely misses you. You furiously retaliate!
You headbutt Ijyb.
Your ring mail prevents you from hitting Ijyb.
Ijyb is heavily wounded.
The goblin barely misses you. You furiously retaliate!
You headbutt the goblin!
You kill the goblin!
Trog accepts your kill.
You hit Ijyb but do no damage. Your headbutt misses Ijyb.
Ijyb is heavily wounded.
Ijyb zaps a wand.
The bolt of acid hits you!
You die...

#........#
#.#####..#
#........#
#.#####..#
#........#
#..#####..#
#.........#
#..#####..#
#....g@...#
#.........#
###########


You could see Ijyb.

Vanquished Creatures
  An orc wizard (D:3)
  8 adders
  2 oozes
  2 worms (D:3)
  2 dart slugs (D:1)
  A leopard gecko (D:1)
  5 orcs (D:3)
  5 giant cockroaches
  10 goblins
  8 hobgoblins
  5 jackals (D:1)
  8 kobolds
  2 ball pythons
  4 bats
  5 frilled lizards
  5 rats
73 creatures vanquished.

Notes
Turn   | Place    | Note
-------+----------+-------------------------------------------
     0 | D:1      | nikopol the Minotaur Berserker began the quest for the Orb.
     0 | D:1      | Reached XP level 1. HP: 19/19 MP: 0/0
    16 | D:1      | Reached skill level 4 in Polearms
    22 | D:1      | Reached XP level 2. HP: 19/27 MP: 1/1
   274 | D:1      | Reached XP level 3. HP: 29/33 MP: 2/2
   504 | D:1      | Reached ** piety under Trog
   914 | D:2      | Reached XP level 4. HP: 31/41 MP: 3/3
   952 | D:2      | Reached skill level 5 in Polearms
  1657 | D:2      | Noticed a hand axe
  1658 | D:2      | Noticed a dagger
  1659 | D:2      | Found a hide-covered altar of Uskayaw.
  1727 | D:3      | Reached XP level 5. HP: 47/47 MP: 4/4
  2006 | D:3      | Found an opulent altar of Gozag.
  2006 | D:3      | Found Gozag's Platinum Reserve.
  2128 | D:3      | Reached *** piety under Trog
  2145 | D:3      | Noticed Ijyb
  2154 | D:3      | Killed from afar by Ijyb

Vault maps used:
D:1:      mrwooster_arrival_statue
D:2:      dancing_weapons_uskayaw, first_bread
D:3:      nicolae_gozag_zags_fifth_avenue, minmay_misc_feat_rows,
          kennysheep_generic_room_8, uniq_ijyb

Skill      XL: |  1  2  3  4  5 |
---------------+----------------+-----
Polearms       | 4 5 |  5.9
Fighting       | 4 |  4.7
Armour         | 3 |  3.2
Dodging        | |  2.9
Stealth        | |  0.8

Action                   |  1- 3 |  4- 6 || total
-------------------------+-------+-------++-------
Melee: Spear             |   103 |   100 ||   203
       Headbutt          |     8 |    13 ||    21
Invok: Trog's Hand       |       |     1 ||     1
       Berserk           |       |     2 ||     2
 Stab: Sleeping          |     1 |       ||     1
  Eat: Chunk             |       |     5 ||     5
Armor: Animal skin       |    13 |     3 ||    16
       Ring mail         |       |    14 ||    14
Dodge: Dodged            |    50 |    34 ||    84

Table legend:
 A = Spawn XP
 B = Non-spawn XP
 C = Spawn XP percentage of total XP
 D = Spawn monster count
 E = Non-spawn monster count
 F = Spawn count percentage of total count
 G = Total turns spent on level
                    A         B        C        D         E        F      G
               +---------+---------+-------+---------+---------+-------+---------
         Total |       0 |     283 |   0.0 |       0 |      73 |   0.0 |  2154
               +---------+---------+-------+---------+---------+-------+---------
           D:1 |       0 |      70 |   0.0 |       0 |      35 |   0.0 |   829
           D:2 |       0 |     115 |   0.0 |       0 |      20 |   0.0 |   877
           D:3 |       0 |      98 |   0.0 |       0 |      18 |   0.0 |   448
               +---------+---------+-------+---------+---------+-------+---------
